 Dungeon Crawl Stone Soup version 0.20-a0-710-g71b569a (webtiles) character file.

264 polly the Slasher (level 5, -2/40 HPs)
             Began as a Demonspawn Gladiator on Feb 22, 2017.
             Slain by a worm (5 damage)
             ... in a sewer.
             The game lasted 00:03:01 (2867 turns).

polly the Slasher (Demonspawn Gladiator)            Turns: 2867, Time: 00:03:02

Health: -2/40      AC:  9    Str: 16    XL:     5   Next: 98%
Magic:  5/5        EV: 13    Int:  9    God:
Gold:   183        SH:  0    Dex: 14    Spells: 4/4 levels left

rFire    . . .     SeeInvis .   a - +0 long sword
rCold    . . .     Gourm    .   b - +0 leather armour
rNeg     . . .     Faith    .   (no shield)
rPois    .         Spirit   .   c - +0 helmet
rElec    .         Reflect  .   p - +2 cloak
rCorr    .         Harm     .   (no gloves)
MR       .....                  (no boots)
Stlth    +.........             (no amulet)
Regen    0.2/turn               (no ring)
MPRegen  0.1/turn               (no ring)

@: no status effects
A: thin metallic scales 1, demonic guardian 1
a: no special abilities


You were in a sewer.
You were very hungry.

You visited 1 branch of the dungeon, and saw 3 of its levels.
You also visited: Sewer.

You collected 183 gold pieces.

Inventory:

Hand Weapons
 a - a +0 long sword (weapon)
Missiles
 d - 3 throwing nets (quivered)
Armour
 b - a +0 leather armour (worn)
 c - a +0 helmet (worn)
 p - a +2 cloak (worn)
Scrolls
 e - a scroll of enchant weapon {unknown}
 g - 2 scrolls of remove curse {unknown}
 j - 3 scrolls of teleportation {unknown}
 k - 3 scrolls of identify {unknown}
 l - a scroll of amnesia {unknown}
 s - a scroll of immolation {unknown}
Potions
 h - a potion of curing {unknown}
 i - 2 potions of might {unknown}
 m - a potion of heal wounds {unknown}
 q - a potion of flight {unknown}
 r - a potion of agility {unknown}
 t - a potion of haste {unknown}
Comestibles
 f - 4 bread rations
 n - a royal jelly
 o - a meat ration


   Skills:
 + Level 2.9 Fighting
 + Level 4.5 Long Blades
 + Level 1.8 Throwing
 + Level 2.0 Armour
 + Level 3.6 Dodging
 + Level 0.4 Stealth


You had 4 spell levels left.
You didn't know any spells.

Dungeon Overview and Level Annotations

Branches:
Dungeon (3/15)

Altars:
Uskayaw
Vehumet


Innate Abilities, Weirdness & Mutations

You are partially covered in thin metallic scales. (AC +2)
A weak demonic guardian rushes to your aid.


Message History

The adder is almost dead.
You hit the adder.
You kill the adder!
You feel sick. The worm barely misses you. The worm bites you!
* * * LOW HITPOINT WARNING * * *
You slash the worm!
The worm is heavily wounded.
You hit the worm but do no damage.
The worm is heavily wounded.
You feel sick.
You are no longer poisoned.
The worm bites you.
* * * LOW HITPOINT WARNING * * *
You hit the worm but do no damage.
The worm is moderately wounded.
The worm barely misses you.
Your unstable footing causes you to fumble your attack.
The worm bites you.
You die...

..≈##.≈.≈####≈(.≈(#####
.≈.≈≈≈.≈## #####.≈≈≈.#
.≈...≈≈## #######
≈.≈≈.≈.# .≈≈.≈≈≈#
.≈≈..≈≈# .≈.≈≈≈≈##
###### .≈.≈≈≈≈.##
#####≈≈≈≈.#
≈≈≈##.≈≈.####≈≈≈@w#
.≈####≈≈≈...≈.###≈≈≈≈.#
..# #≈.≈≈≈≈≈≈# #######
≈≈≈ ##...≈≈≈≈###≈≈≈≈.#
≈.≈≈ #######≈≈≈≈≈#####
#####≈†≈≈.# #######


You could see a worm.

Vanquished Creatures
  A big kobold (Sewer)
  Crazy Yiuf (D:2)
  9 adders
  2 oozes
  2 worms (Sewer)
  5 dart slugs
  4 leopard geckos
  14 giant cockroaches
  9 goblins
  7 hobgoblins
  4 jackals (D:1)
  12 kobolds
  A quokka (D:3)
  9 bats
  2 frilled lizards (D:1)
  9 rats
91 creatures vanquished.

Notes
Turn   | Place    | Note
-------+----------+-------------------------------------------
     0 | D:1      | polly the Demonspawn Gladiator began the quest for the Orb.
     0 | D:1      | Reached XP level 1. HP: 16/16 MP: 1/1
    74 | D:1      | Gained mutation: You are partially covered in thin metallic scales. (AC +2) [demonic ancestry]
    74 | D:1      | Reached XP level 2. HP: 22/22 MP: 2/2
    90 | D:1      | Reached skill level 3 in Long Blades
   581 | D:1      | Gained mutation: A weak demonic guardian rushes to your aid. [demonic ancestry]
   581 | D:1      | Reached XP level 3. HP: 27/27 MP: 3/3
  1122 | D:2      | Reached XP level 4. HP: 26/34 MP: 4/4
  1188 | D:2      | Found a runed door.
  1516 | D:2      | Reached skill level 1 in Armour
  1572 | D:2      | Found a hide-covered altar of Uskayaw.
  1790 | D:2      | Noticed Crazy Yiuf
  1797 | D:2      | Killed Crazy Yiuf
  2102 | D:3      | Reached XP level 5. HP: 39/39 MP: 5/5
  2284 | D:3      | Found a radiant altar of Vehumet.
  2416 | D:3      | Reached skill level 4 in Long Blades
  2583 | D:3      | Found a glowing drain.
  2617 | Sewer    | Entered a sewer
  2865 | Sewer    | HP: 2/40 [worm (6)]
  2867 | Sewer    | Slain by a worm

Vault maps used:
D:1:      dpeg_arrival_long_road, minmay_cut_off
D:2:      nicolae_overflow_hidden_temple, uniq_crazy_yiuf_cottage
D:3:      vehumet_crystals, first_bread, gup_sewer_entry_glass
Sewer:    sewer_co_tree

Skill      XL: |  1  2  3  4  5 |
---------------+----------------+-----
Long Blades    | 3 4 |  4.5
Dodging        | 3 |  3.6
Armour         | 1 2 |  2.0
Fighting       | |  2.9
Throwing       | |  1.8
Stealth        | |  0.4

Action                   |  1- 3 |  4- 6 || total
-------------------------+-------+-------++-------
Melee: Long sword        |   108 |   207 ||   315
 Stab: Sleeping          |       |     2 ||     2
  Eat: Chunk             |       |     6 ||     6
Armor: Leather armour    |    43 |    78 ||   121
Dodge: Dodged            |   119 |   151 ||   270
       Rpst.: Long sword |    34 |    53 ||    87
